 Dungeon Crawl Stone Soup version 0.31-a0-188-g5e087ee2ca (webtiles) character file.

Game seed: 4528072909189514268

60 TrayleKats the Grasshopper (level 4, -1/40 HPs)
             Began as a Naga Warper on June 23, 2023.
             Slain by a gnoll
             ... wielding a +0 flail of protection
              (11 damage)
             ... on level 2 of the Dungeon.
             The game lasted 00:02:30 (1542 turns).

TrayleKats the Grasshopper (Naga Warper)            Turns: 1542, Time: 00:02:30

Health: -1/40      AC:  4    Str: 14    XL:     4   Next: 4%
Magic:  7/7        EV:  9    Int: 15    God:
Gold:   55         SH:  5    Dex: 10    Spells: 7/7 levels left

rFire   . . .        j - +0 hand axe (flame)
rCold   . . .        i - +2 buckler
rNeg    + . .        f - +2 robe {rN+}
rPois   +            (no helmet)
rElec   .            (no cloak)
rCorr   .            (no gloves)
SInv    +            (no barding)
Will    .....        (no amulet)
Stlth   +            (no ring)
HPRegen 0.26/turn    (no ring)
MPRegen 0.10/turn

%: no passive effects
@: short of breath, very slow
A: AC +1, large, see invisible, deformed body, poison resistance, slowness 2,
spit poison 1, naga tail 1
a: Spit Poison


You were on level 2 of the Dungeon.
You visited 1 branch of the dungeon, and saw 2 of its levels.

You collected 55 gold pieces.

Inventory:

Hand Weapons
 j - a +0 hand axe of flaming (weapon)
Missiles
 d - 7 boomerangs of dispersal
Armour
 b - a +0 chain mail
 f - a +2 robe of positive energy (worn)
 i - a +2 buckler (worn)
Scrolls
 a - a scroll of fog {unknown}
 c - a scroll of blinking
 g - a scroll of revelation {unknown}
 h - 2 scrolls of identify {unknown}
Potions
 e - a potion of might {unknown}


   Skills:
 + Level 2.5 Fighting
 * Level 2.8 Axes
 - Level 1.0 Throwing
 - Level 0.9 Armour
 - Level 1.7 Dodging
 + Level 0.8 Shields
 + Level 2.3 Spellcasting
 - Level 3.1 Translocations


You had 7 spell levels left.
You didn't know any spells.
Your spell library contained the following spells:

 Spells                   Type           Power      Damage    Failure   Level
 Blink                    Tloc           22%        N/A       12%         2
 Lesser Beckoning         Tloc           22%        N/A       12%         2
 Teleport Other           Tloc           11%        N/A       24%         3
 Ensorcelled Hibernation  Hex/Ice        2%         N/A       41%         2
 Passwall                 Tmut/Erth      0%         N/A       41%         2
 Vhi's Electric Charge    Tloc/Air       12%        N/A       43%         3
 Manifold Assault         Tloc           11%        N/A       63%         4
 Swiftness                Air            1%         N/A       65%         3


Dungeon Overview and Level Annotations

Branches:
Dungeon (2/15)

Altars:


Innate Abilities, Weirdness & Mutations

Your serpentine skin is tough. (AC +1)
You have supernaturally acute eyesight. (SInv)
Armour fits poorly on your strangely shaped body.
Your system is resistant to poisons. (rPois)
You cover ground very slowly.
You can spit poison.
You have a snake-like lower body.


Message History

The gnoll hits you with a +0 whip. The gnoll barely misses you.
You hit the gnoll but do no damage.
The gnoll is lightly wounded.
The gnoll looks more healthy.
The gnoll hits you with a +0 whip.
You hit the gnoll but do no damage.
The gnoll is moderately wounded.
A gnoll comes into view.
It is wielding a +0 flail of protection.
The gnoll hits you with a +0 whip!
You hit the gnoll. You burn the gnoll.
The gnoll is severely wounded.
The gnoll hits you but does no damage.
Aiming: Spit Poison (2% risk of failure)
Press: ? - help, Q - select action, (/) - cycle Shift-Dir - straight line, f/p - gnoll
Aim: a gnoll, wielding a +0 whip (severely wounded, 65% to hit)
The splash of poison hits the gnoll but does no damage.
The gnoll is poisoned.
The gnoll is severely wounded.
The gnoll completely misses you.
You hit the gnoll. You burn the gnoll.
You kill the gnoll!
You have reached level 4!
You feel stronger.
You hit the gnoll. You burn the gnoll.
The gnoll is moderately wounded.
The gnoll barely misses you.
You hit the gnoll but do no damage.
The gnoll is moderately wounded.
You have got your breath back.
The gnoll hits you with a +0 flail of protection!
You completely miss the gnoll.
The gnoll is moderately wounded.
The gnoll hits you with a +0 flail of protection!
* * * LOW HITPOINT WARNING * * *
Aiming: Spit Poison (1% risk of failure)
Press: ? - help, Q - select action, (/) - cycle Shift-Dir - straight line, f - gnoll
Aim: a gnoll, wielding a +0 flail of protection (moderately wounded, 65% to hit)
The splash of poison hits the gnoll!
The gnoll is poisoned.
The gnoll is almost dead.
The gnoll hits you with a +0 flail of protection!
You die...

.#########..
...........
#......#..
#.........
#......#..
#......#.#
#####..g...#.#
#......@...#.####..
#.###......#......#
.#####.......#
....###..##.##
#....#.....#
####.......#####
###########........#
#.........†)#.####.#
#........[.##.#


You could see a gnoll (poisoned).

Vanquished Creatures
  An adder (D:1)
  A gnoll (D:2)
  A dart slug (D:1)
  3 ball pythons
  3 endoplasms (D:1)
  3 giant cockroaches (D:1)
  2 goblins
  3 hobgoblins (D:1)
  5 jackals
  2 quokkas (D:1)
  4 bats
  A frilled lizard (D:2)
  3 kobolds
  3 rats (D:1)
35 creatures vanquished.

Notes
Turn   | Place    | Note
-------+----------+-------------------------------------------
     0 | D:1      | TrayleKats the Naga Warper began the quest for the Orb.
     0 | D:1      | Reached XP level 1. HP: 19/19 MP: 3/3
    53 | D:1      | Reached skill level 1 in Throwing
   244 | D:1      | Reached XP level 2. HP: 26/26 MP: 5/5
   757 | D:1      | Reached XP level 3. HP: 19/32 MP: 6/6
  1539 | D:2      | Reached XP level 4. HP: 24/40 MP: 7/7
  1542 | D:2      | Slain by a gnoll

Illustrated notes

Levels and vault maps discovered:
D:1:      dpeg_arrival_shrine, layout_basic, minivault_4
D:2:      layout_rooms, chequers_serial_rivers_marsh

Skill      XL: |  1 |
---------------+----+-----
Throwing       | 1 |  1.0
Fighting       | |  2.5
Axes           | |  2.8
Armour         | |  0.9
Dodging        | |  1.7
Shields        | |  0.8
Spellcasting   | |  2.3
Translocations | |  3.1

Action                     |  1- 3 |  4- 6 || total
---------------------------+-------+-------++-------
  Melee: Hand axe          |   123 |     3 ||   126
Ability: Spit Poison       |    12 |     1 ||    13
 Armour: Leather armour    |     5 |       ||     5
         Robe              |    46 |       ||    46
  Dodge: Dodged            |    78 |     1 ||    79
  Block: Buckler           |    26 |       ||    26

Table legend: (Time is in decaauts)
 A = Elapsed time spent in this place.
 B = Non-inter-level travel time spent in this place.
 C = Inter-level travel time spent in this place.
 D = Time resting spent in this place.
 E = Time spent auto-exploring this place.
 F = Levels seen in this place.
 G = Mean time per level.
                   A        B        C        D        E       F      G
               +--------+--------+--------+--------+--------+-----+--------+
         Total |   1901 |   1822 |     79 |    372 |   1061 |   2 |  950.5 |
       Dungeon |   1901 |   1822 |     79 |    372 |   1061 |   2 |  950.5 |
               +--------+--------+--------+--------+--------+-----+--------+

Top non-repeatable levels by time:
     D:1: 1713 daAuts
     D:2: 188 daAuts
